 Dungeon Crawl Stone Soup version 0.23-a0-270-gab6feb3 (webtiles) character file.

35 Felrender the Gusty (level 3, -7/26 HPs)
             Began as a Draconian Air Elementalist on Oct 1, 2018.
             Mangled by a scorpion (8 damage)
             ... on level 2 of the Dungeon.
             The game lasted 00:04:30 (1531 turns).

Felrender the Gusty (Draconian Air Elementalist)    Turns: 1531, Time: 00:04:31

Health: -7/26      AC:  5    Str: 10    XL:     3   Next: 16%
Magic:  1/6        EV: 12    Int: 16    God:
Gold:   42         SH:  0    Dex: 11    Spells: 0/6 levels left

rFire    . . .     SeeInvis .   e - +0 dagger
rCold    . . .     Gourm    .   (no shield)
rNeg     . . .     Faith    .   (armour unavailable)
rPois    .         Spirit   .   (helmet restricted)
rElec    .         Reflect  .   (no cloak)
rCorr    .         Harm     .   (no gloves)
MR       .....                  (no boots)
Stlth    ++........             (no amulet)
HPRegen  0.08/turn              (no ring)
MPRegen  0.10/turn              (no ring)

@: lethally poisoned (-7 -> -10), very slightly contaminated
A: unfitting armour, cold-blooded, AC +5
a: no special abilities


You were on level 2 of the Dungeon.
You were not hungry.

You visited 1 branch of the dungeon, and saw 2 of its levels.

You collected 42 gold pieces.

Inventory:

Hand Weapons
 e - a +0 dagger (weapon)
Scrolls
 a - a scroll of amnesia {unknown}
 c - 2 scrolls of identify
Comestibles
 b - a ration


   Skills:
 + Level 0.7 Short Blades
 + Level 1.9 Dodging
 + Level 2.2 Stealth
 + Level 2.2 Spellcasting
 + Level 1.2 Conjurations
 + Level 3.4 Air Magic


You couldn't memorise any spells.
You knew the following spells:

 Your Spells              Type           Power        Failure   Level  Hunger
a - Shock                 Conj/Air       #...         8%          1    #......
b - Swiftness             Chrm/Air       #.......     16%         2    ###....
c - Static Discharge      Conj/Air       #.......     22%         3    ###....

Your spell library contained the following spells:

 Spells                   Type           Power        Failure   Level  Hunger
 Airstrike                Air            ##........   43%         4    #####..
 Lightning Bolt           Conj/Air       #.........   91%         5    ######.


Dungeon Overview and Level Annotations

Branches:
Dungeon (2/15)

Altars:

Annotations:
D:1 1 exclusion


Innate Abilities, Weirdness & Mutations

Your plain brown scales are hard. (AC +5)
You cannot fit into any form of body armour.
You are cold-blooded and may be slowed by cold attacks.


Message History

The scorpion stings you but does no damage.
* * * LOW HITPOINT WARNING * * *
You feel sick.
Found a scroll labeled BAIGAOSADO.
* * * LOW HITPOINT WARNING * * *
You feel sick.
All of the chunks of flesh in your inventory have rotted away.
* * * LOW HITPOINT WARNING * * *
You feel sick.
Okay, then.
You aren't carrying any potions.
An adder comes into view.
The adder hisses angrily.
The adder moves out of view.
Found 14 stones.
You see here a scroll labeled BAIGAOSADO.
a - a scroll labeled BAIGAOSADO
* * * LOW HITPOINT WARNING * * *
You feel sick. The scorpion stings you!
You die...

#.###......# #
#.##<......#.#
###..........#.#
#.........<....#
#.#......#...####.
#.#.##...>........
####.#.##(#...#.#####
#....s..............
#.##@##.####..#.....
.....S...#.#
#.#.....$<
.........#.#
#.###......
........(#.# ##
....... ...#.#####.#
#...... .. #. ...
.... . # ##. ###


You could see a scorpion and an adder.

Vanquished Creatures
  6 dart slugs (D:1)
  4 bats (D:1)
  A giant cockroach (D:1)
  5 goblins (D:1)
  2 hobgoblins (D:1)
  A kobold (D:1)
  4 rats (D:1)
23 creatures vanquished.

Notes
Turn   | Place    | Note
-------+----------+-------------------------------------------
     0 | D:1      | Felrender the Draconian Air Elementalist began the quest
                  | for the Orb.
     0 | D:1      | Reached XP level 1. HP: 14/14 MP: 3/3
   317 | D:1      | Reached XP level 2. HP: 20/20 MP: 3/5
   336 | D:1      | Learned a level 2 spell: Swiftness
  1027 | D:1      | Reached XP level 3. HP: 26/26 MP: 6/6
  1287 | D:1      | Learned a level 3 spell: Static Discharge
  1499 | D:2      | Noticed a scorpion
  1531 | D:2      | HP: 1/26 [poisoned by a scorpion]
  1531 | D:2      | Mangled by a scorpion

Vault maps used:
D:1:      minmay_arrival_widening_spiral_narrow
D:2:      chequers_ecumenical_altar_island, uniq_natasha, uniq_terence

Skill      XL: |  1 |
---------------+----+-----
Stealth        | 2 |  2.2
Short Blades   | |  0.7
Dodging        | |  1.9
Spellcasting   | |  2.2
Conjurations   | |  1.2
Air Magic      | |  3.4

Action                   || total
-------------------------++-------
Melee: Unarmed           ||    15
       Club              ||    20
       Tailslap          ||    10
       Dagger            ||    65
 Cast: Shock             ||    14
       Swiftness         ||     1
  Use: Scroll            ||     3
       Potion            ||     1
 Stab: Sleeping          ||     2
  Eat: Chunk             ||     2
Armor: Skin              ||    36
Dodge: Dodged            ||    59

Table legend:
 A = Non-vault XP
 B = Vault XP
 C = Vault XP percentage of total XP
 D = Non-vault monster count
 E = Vault monster count
 F = Vault count percentage of total count
                 A         B        C        D         E       F
            +---------+---------+-------+---------+---------+-------
      Total |      50 |       0 |   0.0 |      23 |       0 |   0.0
            +---------+---------+-------+---------+---------+-------
        D:1 |      50 |       0 |   0.0 |      23 |       0 |   0.0
            +---------+---------+-------+---------+---------+-------
